 Dungeon Crawl Stone Soup version 0.20.1-1-g8b1a95d66d (webtiles) character file.

1334 MondaySad the Cleaver (level 8, -12/67 HPs)
             Began as a Minotaur Berserker on Nov 24, 2017.
             Was an Elder of Trog.
             Killed by divine providence
             ... invoked by an orc priest
              (14 damage)
             ... while paralysed
             ... on level 7 of the Dungeon.
             The game lasted 00:09:09 (5583 turns).

MondaySad the Cleaver (Minotaur Berserker)          Turns: 5583, Time: 00:09:09

Health: -12/67     AC:  0    Str: 23    XL:     8   Next: 34%
Magic:  7/7        EV:  5    Int:  4    God:    Trog [****..]
Gold:   388        SH:  0    Dex: 16    Spells: 7/7 levels left

rFire    . . .     SeeInvis .   (weapon currently unavailable)
rCold    . . .     Gourm    .   (shield currently unavailable)
rNeg     . . .     Faith    +   (armour currently unavailable)
rPois    .         Spirit   .   (helmet currently unavailable)
rElec    .         Reflect  .   (cloak currently unavailable)
rCorr    .         Harm     .   (gloves currently unavailable)
MR       .....                  (boots currently unavailable)
Stlth    +.........             N - amulet of faith
Regen    0.3/turn               (ring currently unavailable)
MPRegen  0.1/turn               (ring currently unavailable)

@: paralysed, bat-form, berserk cooldown, flying, slowed, very quick
A: (retaliatory headbutt)
a: Berserk, Trog's Hand, Brothers in Arms, Burn Spellbooks, Renounce Religion


You were on level 7 of the Dungeon.
You worshipped Trog.
Trog was greatly pleased with you.
You were hungry.
You were in bat-form.
You visited 1 branch of the dungeon, and saw 7 of its levels.

You collected 388 gold pieces.

Inventory:

Hand Weapons
 e - a +0 hand axe
 m - a +0 war axe (melded)
Armour
 w - a +1 ring mail of fire resistance
 x - a +0 pair of gloves (melded)
 B - a +0 chain mail (melded)
 F - a +0 buckler (melded)
Jewellery
 i - a ring of stealth (melded)
 p - an uncursed ring of flight
 A - a +5 ring of evasion (melded)
 N - an amulet of faith (around neck)
Wands
 I - a wand of confusion (17/48)
 M - a wand of lightning (9/15)
Scrolls
 g - a scroll of blinking
 j - 2 scrolls of immolation
 o - 5 scrolls of remove curse
 r - 3 scrolls of identify {unknown}
 u - a scroll of noise {unknown}
 v - 3 scrolls of enchant weapon {unknown}
 y - 3 scrolls of teleportation {unknown}
 E - 2 scrolls of fear {unknown}
 H - a scroll of fog {unknown}
 J - a scroll of magic mapping
Potions
 b - a potion of heal wounds {unknown}
 d - 2 potions of ambrosia {unknown}
 f - a potion of might {unknown}
 h - 2 potions of agility {unknown}
 l - a potion of invisibility {unknown}
 q - 4 potions of curing {unknown}
 s - 2 potions of berserk rage {unknown}
 t - 2 potions of mutation {unknown}
 z - a potion of brilliance {unknown}
 C - a potion of magic {unknown}
 D - a potion of resistance {unknown}
 K - a potion of haste {unknown}
 L - a potion of flight {unknown}
Books
 G - a book of Callings

   Spells                             Type                      Level
   a - Summon Small Mammal            Summoning                    1
   b - Call Imp                       Summoning                    2
   c - Call Canine Familiar           Summoning                    3
   d - Summon Guardian Golem          Hexes/Summoning              3
   e - Summon Lightning Spire         Summoning/Air                4
   f - Summon Ice Beast               Ice/Summoning                4
   Trog disapproves of the use of such an item.
Comestibles
 a - 4 fruits
 c - 4 bread rations
 k - 4 meat rations
 n - 8 chunks of flesh


   Skills:
 - Level 4.6 Fighting
 + Level 9.1 Axes
 - Level 3.4 Armour
 - Level 3.4 Dodging
 + Level 7.3 Shields


You had 7 spell levels left.
You didn't know any spells.

Dungeon Overview and Level Annotations

Branches:
Dungeon (7/15)
 Temple: D:4-7

Altars:
Sif Muna
Zin

Annotations:
D:7 Joseph


Innate Abilities, Weirdness & Mutations

((You reflexively headbutt those who attack you in melee.))
((You have a pair of horns on your head.))


Message History

Joseph zaps a wand.
You hit Joseph but do no damage.
Joseph is heavily wounded.
The orc priest hits you with a hand axe.
You bite Joseph!
Joseph is severely wounded.
Joseph hits you with an uncursed quarterstaff!
* * * LOW HITPOINT WARNING * * *
You hit Joseph but do no damage.
Joseph is severely wounded.
You are no longer berserk.
You pass out from exhaustion.
You feel yourself slow down.
The orc priest hits you with a hand axe.
* * * LOW HITPOINT WARNING * * *
Joseph hits you with an uncursed quarterstaff!
* * * LOW HITPOINT WARNING * * *
The orc priest invokes the aid of Beogh against you.
Beogh smites you!
You die...

♣....♣ ♣....♣
♣....♣
..♣♣♣♣....♣♣♣♣..
................
...@............
#'(# #o@#
##b####
#(†..##.##
###.........
#.........#
#.#.#######
#.#.# #.#.#
#.#.# #.#.#


You could see Joseph and an orc priest.

Vanquished Creatures
  A sky beast (D:5)
  2 ogres
  A centaur (D:7)
  3 bullfrogs
  A scorpion (D:4)
  2 howler monkeys (D:5)
  2 crimson imps
  2 centaur zombies (D:5)
  A bullfrog zombie (D:4)
  A quasit (D:6)
  A hound (D:6)
  An orc priest (D:3)
  An iguana (D:4)
  6 worker ants
  4 adders
  6 gnolls
  2 shadow imps
  2 oozes
  2 adder zombies
  An adder skeleton (D:5)
  3 worms
  A dart slug (D:3)
  2 leopard geckos (D:3)
  21 orcs
  A ball python (D:4)
  5 giant cockroaches
  9 hobgoblins
  5 jackals
  A quokka (D:4)
  7 bats
  3 frilled lizards
  6 goblins
  A jackal skeleton (D:5)
  10 kobolds
  9 rats
126 creatures vanquished.

Notes
Turn   | Place    | Note
-------+----------+-------------------------------------------
     0 | D:1      | MondaySad the Minotaur Berserker began the quest for the Orb.
     0 | D:1      | Reached XP level 1. HP: 19/19 MP: 0/0
   452 | D:1      | Reached XP level 2. HP: 25/27 MP: 1/1
  1415 | D:2      | Reached XP level 3. HP: 33/33 MP: 2/2
  1702 | D:2      | Reached skill level 4 in Axes
  1820 | D:2      | Reached ** piety under Trog
  2381 | D:3      | Reached XP level 4. HP: 31/40 MP: 3/3
  3148 | D:4      | Reached skill level 5 in Axes
  3148 | D:4      | Reached skill level 1 in Shields
  3148 | D:4      | Reached XP level 5. HP: 47/47 MP: 4/4
  3307 | D:4      | Reached XP level 6. HP: 46/53 MP: 5/5
  3710 | D:5      | Entered Level 5 of the Dungeon
  3714 | D:5      | Reached skill level 6 in Axes
  3753 | D:5      | Reached *** piety under Trog
  3762 | D:5      | Reached XP level 7. HP: 36/60 MP: 6/6
  4040 | D:5      | Reached skill level 7 in Axes
  4040 | D:5      | Reached skill level 5 in Shields
  4840 | D:6      | Reached skill level 8 in Axes
  5075 | D:6      | Reached XP level 8. HP: 63/67 MP: 7/7
  5118 | D:6      | Found a deep blue altar of Sif Muna.
  5124 | D:6      | Found a glowing silver altar of Zin.
  5390 | D:7      | Reached **** piety under Trog
  5506 | D:7      | Reached skill level 9 in Axes
  5551 | D:7      | Noticed Joseph
  5583 | D:7      | HP: 2/67 [Joseph/uncursed quarterstaff (10)]
  5583 | D:7      | Killed from afar by an orc priest

Skill      XL: |  1  2  3  4  5  6  7  8 |
---------------+-------------------------+-----
Fighting       | 4 |  4.6
Axes           | 4 5 6 8 9 |  9.1
Dodging        | 3 |  3.4
Armour         | 3 |  3.4
Shields        | 1 2 4 6 7 |  7.3

Action                   |  1- 3 |  4- 6 |  7- 9 || total
-------------------------+-------+-------+-------++-------
Melee: Hand axe          |    91 |   110 |       ||   201
       Headbutt          |    10 |    17 |    20 ||    47
       War axe           |       |       |   109 ||   109
       Unarmed           |       |       |    11 ||    11
Invok: Burn Spellbooks   |       |       |     1 ||     1
       Berserk           |       |       |     1 ||     1
  Use: Scroll            |       |     4 |       ||     4
 Stab: Sleeping          |     1 |       |       ||     1
  Eat: Chunk             |     4 |     5 |     6 ||    15
Armor: Animal skin       |     7 |       |       ||     7
       Leather armour    |     6 |       |       ||     6
       Ring mail         |    23 |     1 |       ||    24
       Chain mail        |       |    41 |    24 ||    65
Dodge: Dodged            |    50 |    55 |    81 ||   186
Block: Buckler           |       |    13 |    23 ||    36
